 Dungeon Crawl Stone Soup version 0.27-a0-1177-g245c70e1c0 (webtiles) character file.

Game seed: 4667092095261423208

287 polve the Ruffian (level 6, -6/59 HPs)
             Began as a Troll Fighter on May 16, 2021.
             Mangled by a gnoll
             ... wielding a +0 whip
              (7 damage)
             ... on level 3 of the Dungeon.
             The game lasted 00:01:50 (2004 turns).

polve the Ruffian (Troll Fighter)                   Turns: 2004, Time: 00:01:50

Health: -6/59      AC:  4    Str: 26    XL:     6   Next: 8%
Magic:  5/5        EV:  8    Int:  4    God:
Gold:   112        SH:  9    Dex: 10    Spells: 5/5 levels left

rFire    . . .     SeeInvis .     - Unarmed
rCold    . . .     Faith    .   b - +0 kite shield
rNeg     . . .     Spirit   .   a - +0 robe
rPois    .         Reflect  .   (helmet restricted)
rElec    .         Harm     .   (no cloak)
rCorr    .         Rampage  .   (gloves unavailable)
Will     .....                  (boots unavailable)
Stlth    +.........             (no amulet)
HPRegen  1.19/turn              (no ring)
MPRegen  0.09/turn              (no ring)

@: no status effects
A: large, unfitting armour, claws 3, regeneration 1, shaggy fur 1, tough skin 1
a: no special abilities


You were on level 3 of the Dungeon.
You visited 1 branch of the dungeon, and saw 3 of its levels.

You collected 112 gold pieces.

Inventory:

Missiles
 g - 5 large rocks (quivered)
Armour
 a - a +0 robe (worn)
 b - a +0 kite shield (worn)
Jewellery
 e - a +6 ring of intelligence
Scrolls
 d - a scroll of identify {unknown}
 i - a scroll of teleportation {unknown}
 j - a scroll of magic mapping {unknown}
Potions
 c - a potion of might
 f - a potion of curing {unknown}
 h - 3 potions of attraction {unknown}
 k - a potion of heal wounds {unknown}


   Skills:
 - Level 2.4 Fighting
 - Level 2.4 Dodging
 - Level 2.4 Shields
 + Level 6.4 Unarmed Combat


You had 5 spell levels left.
You didn't know any spells.
Your spell library contained the following spells:

 Spells                   Type           Power      Damage    Failure   Level
 Magic Dart               Conj           0%         1d3       93%         1
 Searing Ray              Conj           0%         3d3       98%         2
 Dazzling Flash           Conj/Hex       0%         N/A       100%        3
 Fulminant Prism          Conj/Hex       0%         3d6       100%        4
 Iskenderun's Mystic Bla  Conj/Tloc      0%         2d3       100%        4


Dungeon Overview and Level Annotations

Branches:
Dungeon (3/15)

Altars:


Innate Abilities, Weirdness & Mutations

You are too large for most types of armour.
You have claws for hands.
Your natural rate of healing is unusually fast.
You are covered in fur. (AC +1)
You have tough skin. (AC +1)


Message History

You are too injured to fight recklessly!
You are too injured to fight recklessly!
Found 17 gold pieces.
You scratch the orc but do no damage. The orc barely misses you.
You scratch the orc.
The orc is almost dead.
The gnoll hits you from afar with a +0 halberd!
You block the orc's attack. You block the gnoll's attack.
You scratch the orc but do no damage.
The orc is almost dead.
The orc barely misses you.
The gnoll hits you from afar with a +0 halberd.
The orc hits you with a +0 club.
You closely miss the orc.
The orc is severely wounded.
The gnoll hits you from afar with a +0 halberd!
You block the orc's attack.
You claw the orc!
You kill the orc!
You block the gnoll's attack.
You claw the orc!
You kill the orc!
The gnoll hits you from afar with a +0 halberd!
You swing at nothing.
The gnoll closely misses you.
You barely miss the gnoll. The gnoll hits you with a +0 whip.
The gnoll hits you from afar with a +0 halberd.
* * * LOW HITPOINT WARNING * * *
You claw the gnoll!
The gnoll is almost dead.
You block the gnoll's attack. The gnoll hits you with a +0 whip.
* * * LOW HITPOINT WARNING * * *
You closely miss the gnoll.
The gnoll is almost dead.
The gnoll hits you from afar with a +0 halberd!
* * * LOW HITPOINT WARNING * * *
You block the gnoll's attack.
The gnoll hits you from afar with a +0 halberd!
* * * LOW HITPOINT WARNING * * *
The gnoll hits you with a +0 whip!
You die...

l#########.##.# #.....##.###.. .#
######)...## #####.##.# #.. g#
#.....##...# #.##.# ### .#
#.....###..## #####....#
.####.....# #...#..........##
...##.....###.#.#.########.###
##..#.........<....#### #...####
###.......###.####....## ###.....
....).....)...gg@..........P.....
≈≈≈≈≈≈....≈)≈≈≈≈≈≈≈≈≈≈≈≈≈≈≈≈≈....
≈≈≈≈≈≈....≈≈≈≈≈≈≈≈≈≈≈≈≈≈≈≈≈≈≈....
≈≈≈≈≈≈)...≈≈≈≈≈≈≈≈≈≈≈≈#####≈≈....
.....................$#.. #≈≈....
######''''#############. #≈≈....
.#....#. # ###≈≈P... .'....'..
#.≈≈≈.... ....#.. #.≈≈≈....


You could see 2 gnolls.

Vanquished Creatures
  An ice beast (D:2)
  A hound (D:3)
  7 gnolls (D:3)
  2 adders (D:2)
  5 orcs (D:3)
  5 endoplasms
  2 giant cockroaches (D:2)
  3 goblins (D:1)
  4 hobgoblins
  20 jackals
  3 quokkas
  5 ball pythons
  3 bats
  2 frilled lizards
  5 kobolds
  3 rats
71 creatures vanquished.

Notes
Turn   | Place    | Note
-------+----------+-------------------------------------------
     0 | D:1      | polve the Troll Fighter began the quest for the Orb.
     0 | D:1      | Reached XP level 1. HP: 22/22 MP: 0/0
   125 | D:1      | Found a faded altar of an unknown god.
   129 | D:1      | Reached XP level 2. HP: 29/29 MP: 1/1
   187 | D:1      | Reached skill level 3 in Unarmed Combat
   711 | D:2      | Reached XP level 3. HP: 36/36 MP: 2/2
   987 | D:2      | Reached skill level 4 in Unarmed Combat
  1043 | D:2      | Noticed an ice beast
  1052 | D:2      | Killed an ice beast
  1053 | D:2      | Reached skill level 5 in Unarmed Combat
  1053 | D:2      | Reached XP level 4. HP: 20/44 MP: 3/3
  1053 | D:2      | Reached XP level 5. HP: 23/50 MP: 4/4
  1724 | D:3      | Reached skill level 6 in Unarmed Combat
  1841 | D:3      | Reached XP level 6. HP: 48/59 MP: 5/5
  2004 | D:3      | HP: 1/59 [gnoll/+0 halberd (7)]
  2004 | D:3      | Mangled by a gnoll

Illustrated notes

Levels and vault maps discovered:
D:1:      evilmike_arrival_rings, layout_basic,
          hellmonk_ecumenical_altar_dog_temple, st_stairs_3
D:2:      layout_loops_corners
D:3:      lemuel_castle_with_subvaults [lemuel_castle_interior_carwin_1],
          layout_rooms

Skill      XL: |  1  2  3  4  5 |
---------------+----------------+-----
Unarmed Combat | 3 5 6 |  6.4
Fighting       | |  2.4
Dodging        | |  2.4
Shields        | |  2.4

Action                   |  1- 3 |  4- 6 || total
-------------------------+-------+-------++-------
Melee: Unarmed           |    72 |   114 ||   186
Armor: Robe              |    19 |    50 ||    69
Dodge: Dodged            |    19 |    44 ||    63
Block: Kite shield       |    19 |    77 ||    96

Table legend: (Time is in decaauts)
 A = Elapsed time spent in this place.
 B = Non-inter-level travel time spent in this place.
 C = Inter-level travel time spent in this place.
 D = Time resting spent in this place.
 E = Time spent auto-exploring this place.
 F = Levels seen in this place.
 G = Mean time per level.
                   A        B        C        D        E       F      G
               +--------+--------+--------+--------+--------+-----+--------+
         Total |   2033 |   1939 |     94 |      0 |   1518 |   3 |  677.7 |
       Dungeon |   2033 |   1939 |     94 |      0 |   1518 |   3 |  677.7 |
               +--------+--------+--------+--------+--------+-----+--------+

Top non-repeatable levels by time:
     D:2: 876 daAuts
     D:1: 645 daAuts
     D:3: 511 daAuts
